AoeStats
← Alexander

African Clearing

510664880Analyzed
4v4 RM · 1d ago on Oct 2, 2026· 52m 14s· 8 players
Game mode
Random Map
Map size
Large (8 player)
Population
200
Speed
Normal
Resources
Standard
Victory
Conquest
Starting age
Dark Age
Ending age
Imperial Age
RankedLock teamsTeams togetherTeam positionsShared explorationLock speedFull tech treeHidden civsTurbo modeCheats
Victory
Defeat
🇺🇸 Burgundians · United States
1236
+28
🇹🇼 Huns · Taiwan
1230
+15
1201
+16
🇵🇪 Malians · Peru
1155
+17
🇺🇸 Berbers · United States
1208
-16
🇺🇸 Vikings · United States
1201
-16
🇺🇸 Koreans · United States
1193
-15
🇺🇸 Huns · United States
1186
-15
J Stacks
3:57 Loom
13:27 Feudal Age
14:04 Double-Bit Axe
19:47 Castle Age
18:03 Gold Mining
18:09 Fletching
19:30 Stone Mining
20:04 Crossbowman
21:38 Bodkin Arrow
23:54 Wheelbarrow
26:32 Horse Collar
31:58 Bow Saw
33:17 Ballistics
33:30 Masonry
40:27 Imperial Age
38:55 Thumb Ring
40:29 Hand Cart
41:17 Bracer
41:31 Town Watch
42:17 Conscription
43:43 Chemistry
42:26 Treadmill Crane
44:12 Heavy Rocket Cart
46:47 Husbandry
48:06 Gold Shaft Mining
47:48 Siege Engineers
47:30 Elite War Wagon
53:00 Shinkichon
Angelo
4:37 Loom
15:14 Feudal Age
17:26 Fletching
18:13 Padded Archer Armor
32:15 Castle Age
31:38 Forging
31:31 Scale Mail Armor
32:20 Crossbowman
33:00 Bodkin Arrow
34:06 Leather Archer Armor
38:39 Double-Bit Axe
38:46 Gold Mining
45:09 Iron Casting
45:56 Elite Skirmisher
ajanderson120
4:39 Loom
13:27 Feudal Age
16:22 Double-Bit Axe
22:39 Wheelbarrow
28:11 Castle Age
26:50 Horse Collar
27:06 Gold Mining
28:04 Stone Mining
29:10 Bow Saw
29:50 Bloodlines
30:36 Husbandry
31:57 Scale Barding Armor
33:41 Fletching
33:52 Padded Archer Armor
35:19 Bodkin Arrow
35:39 Leather Archer Armor
36:31 Gold Shaft Mining
37:13 Ballistics
42:41 Forging
47:05 Hand Cart
48:25 Stone Shaft Mining
48:19 Town Watch
48:35 Treadmill Crane
53:40 Imperial Age
我有低保我先上
6:21 Loom
15:47 Feudal Age
19:32 Castle Age
19:17 Stone Mining
19:16 Double-Bit Axe
19:12 Horse Collar
21:14 Bow Saw
20:56 Gold Mining
26:01 Pikeman
28:44 Forging
30:38 Fletching
36:23 Bodkin Arrow
53:32 Imperial Age
52:18 Wheelbarrow
In-Purpura-Veneficus
9:08 Loom
11:17 Feudal Age
13:01 Double-Bit Axe
15:29 Fletching
23:36 Castle Age
30:39 Horse Collar
35:13 Wheelbarrow
36:13 Scale Barding Armor
36:19 Forging
38:37 Chain Barding Armor
38:24 Husbandry
38:35 Bloodlines
42:00 Iron Casting
46:16 Imperial Age
44:21 Hand Cart
44:27 Hand Cart
47:05 Heavy Camel Rider
48:31 Plate Barding Armor
48:57 Blast Furnace
49:37 Imperial Camel Rider
50:52 Conscription
50:51 Bodkin Arrow
EL CHANCHO 3026
12:57 Loom
15:43 Feudal Age
19:31 Castle Age
18:04 Double-Bit Axe
19:18 Wheelbarrow
18:29 Town Watch
20:52 Gold Mining
25:23 Fletching
25:43 Forging
29:32 Scale Mail Armor
30:59 Chain Mail Armor
32:26 Gold Shaft Mining
31:42 Stone Mining
34:05 Iron Casting
38:28 Imperial Age
37:13 Bodkin Arrow
37:51 Horse Collar
39:14 Scale Barding Armor
40:47 Conscription
40:58 Plate Mail Armor
41:39 Hand Cart
41:25 Town Patrol
42:11 Chain Barding Armor
43:01 Stone Mining
43:14 Town Patrol
44:02 Bow Saw
44:58 Plate Barding Armor
45:38 Farimba
46:11 Bloodlines
46:01 Husbandry
45:22 Cavalier
47:28 Padded Archer Armor
47:28 Treadmill Crane
47:58 Masonry
48:50 Chemistry
48:11 Ballistics
48:17 Heavy Plow
49:10 Capped Ram
50:36 Leather Archer Armor
E_BrightBlade
11:38 Loom
13:24 Feudal Age
18:18 Castle Age
16:32 Double-Bit Axe
17:29 Bow Saw
17:36 Horse Collar
18:34 Gold Mining
19:30 Wheelbarrow
19:13 Scale Barding Armor
21:26 Gold Shaft Mining
25:12 Chain Barding Armor
26:56 Town Watch
27:18 Cavalier
32:53 Forging
35:33 Stone Mining
37:18 Two-Man Saw
37:45 Iron Casting
41:13 Husbandry
42:36 Hand Cart
42:48 Town Patrol
49:37 Imperial Age
47:29 Heavy Plow
50:03 Stone Shaft Mining
50:00 Crop Rotation
50:01 Paladin
51:43 Plate Barding Armor
53:07 Blast Furnace
Alexander
4:23 Loom
15:43 Feudal Age
23:37 Castle Age
23:14 Double-Bit Axe
23:47 Fletching
26:53 Bow Saw
27:56 Bloodlines
27:50 Husbandry
27:52 Bodkin Arrow
31:02 Wheelbarrow
37:51 Ballistics
43:50 Thumb Ring
Connection lost

Rejoining the realm…

Still unreachable

The connection could not be restored.

Session expired

The server has moved on; the page needs a fresh start.